[Event "Team 45 45 League T87"]
[Site "Internet Chess Club"]
[Date "2021.01.20"]
[Round "3"]
[White "KidRattler"]
[Black "VictorRed"]
[Result "1/2-1/2"]
[WhiteElo "1759"]
[BlackElo "1647"]
[Opening "Queen's pawn, Mason variation"]
[ECO "D00"]
[Time "22:20:58"]
[TimeControl "2700+45"]

1. d4 d5 2. Bf4 c6 3. Nf3 Nf6 4. h3 g6 5. e3 Bg7 6. c3 O-O 7. Nbd2 Nbd7 8. Bd3
Nh5 9. Qc2 Nxf4 10. exf4 e6 11. O-O Qc7 12. Ne5 c5 13. Ndf3 c4 14. Be2 f6 15.
Nxd7 Bxd7 16. g3 e5 17. dxe5 Bxh3 18. Rfe1 fxe5 19. Nxe5 Bxe5 20. fxe5 Qf7 21.
Bf1 Bf5 22. Qd2 Be4 23. Qd4 Qf3 24. Rxe4 Qxe4 25. Qxe4 dxe4 26. Bxc4+ Kg7 27.
Bd5 Rae8 28. e6 Re7 29. Re1 Rd8 30. c4 b5 31. b3 bxc4 32. bxc4 Rc8 33. Rxe4 Rc5
34. g4 Ra5 35. Re2 Kf6 36. f4 Rc5 37. Kg2 Ra5 38. Rc2 Rc5 39. Re2 Ra5 40. Kf3
Ra3+ 41. Ke4 Rc7 42. g5+ Ke7 43. Ke5 Rh3 44. a4 Rc8 45. Rb2 Rc7 46. a5 Re3+ 47.
Kd4 Ra3 48. Rh2 Kd6 49. Rb2 Rxa5 50. Rb8 Ra1 {Game drawn by mutual agreement}
1/2-1/2

[Event "Team 45 45 League T87"]
[Site "Internet Chess Club"]
[Date "2021.01.21"]
[Round "3"]
[White "Portola"]
[Black "Kingsacrificed"]
[Result "1-0"]
[WhiteElo "1645"]
[BlackElo "1519"]
[Opening "Queen's pawn game"]
[ECO "A46"]
[Time "17:30:27"]
[TimeControl "2700+45"]

1. d4 Nf6 2. Nf3 d6 3. Bg5 Ne4 4. Bh4 Bf5 5. c3 c5 6. e3 Nc6 7. Nbd2 Nxd2 8.
Qxd2 g6 9. Be2 Bg7 10. O-O O-O 11. Rfd1 Rc8 12. h3 b6 13. Ba6 Rc7 14. Qe2 Nb8
15. Bb5 Bd7 16. Bc4 Bc6 17. d5 Bb7 18. e4 a6 19. a4 Bf6 20. Bg3 Bc8 21. e5 Bg7
22. Re1 Bb7 23. Rad1 Qd7 24. e6 Qxa4 25. exf7+ Rxf7 26. Ng5 Rf5 27. Ne6 Qd7 28.
Nxc7 Qxc7 29. Qxe7 Qxe7 30. Rxe7 Ba8 31. Ra7 b5 32. Ba2 c4 33. Rxa8 Bxc3 34.
Rxb8+ Kg7 35. bxc3 Kf6 36. Bxd6 b4 37. Bxb4 h5 38. Rf8+ Kg5 39. Rxf5+ gxf5 40.
d6 a5 41. Bxa5 h4 42. Bxc4 f4 43. Bd8+ Kf5 44. Re1 f3 45. Be6+ Kf4 46. Bg8 fxg2
47. Kxg2 Kf5 48. Bh7+ Kf4 49. Re4# {Black checkmated} 1-0

[Event "Team 45 45 League T87"]
[Site "Internet Chess Club"]
[Date "2021.01.24"]
[Round "3"]
[White "Validus"]
[Black "kabindra"]
[Result "0-1"]
[WhiteElo "1408"]
[BlackElo "1785"]
[Opening "Queen's pawn, Mason variation"]
[ECO "D00"]
[Time "12:07:20"]
[TimeControl "2700+45"]

1. d4 d5 2. Bf4 Bf5 3. e3 e6 4. c3 Nf6 5. Qb3 b6 6. Nd2 Nbd7 7. Bb5 Bd6 8. Bxd6
cxd6 9. Ngf3 O-O 10. O-O a6 11. Be2 b5 12. Nh4 Ne4 13. Nxe4 Bxe4 14. Nf3 e5 15.
Qd1 Qe7 16. Re1 Bg6 17. h3 e4 18. Nh2 Qg5 19. g3 Bf5 20. Bg4 Bxg4 21. Qxg4 Qe7
22. f4 exf3 23. Qxf3 Nf6 24. Ng4 Ne4 25. Re2 Qe6 26. Kh2 Rae8 27. Rf1 f5 28. Nf2
Ng5 29. Qh5 h6 30. h4 Ne4 31. Nxe4 fxe4 32. Ref2 Rxf2+ 33. Rxf2 Rf8 34. Rxf8+
Kxf8 35. a3 Qf7 36. Qxf7+ Kxf7 37. h5 Kf6 38. g4 g6 39. hxg6 Kxg6 40. Kg3 Kg5
41. b4 h5 42. gxh5 Kxh5 43. Kf4 Kh4 44. Kf5 Kg3 45. Ke6 Kf3 46. Kxd6 Kxe3 47.
Kxd5 Kd3 48. Kc5 e3 49. d5 e2 50. d6 e1=Q 51. d7 Qxc3+ 52. Kb6 Qd4+ 53. Kc7 Kc3
54. d8=Q Qxd8+ 55. Kxd8 Kb3 56. Kc7 Kxa3 57. Kb6 Kxb4 58. Kxa6 Kc4 59. Ka5 b4
60. Ka4 Kc3 61. Kb5 b3 62. Ka4 b2 63. Ka3 b1=Q 64. Ka4 Qb4# {White checkmated}
0-1

[Event "Team 45 45 League T87"]
[Site "Internet Chess Club"]
[Date "2021.01.24"]
[Round "3"]
[White "primerpaso"]
[Black "CPTsopiens"]
[Result "1-0"]
[WhiteElo "1836"]
[BlackElo "1727"]
[Opening "English: Bremen, reverse dragon"]
[ECO "A22"]
[Time "16:02:07"]
[TimeControl "2700+45"]

1. c4 Nf6 2. Nc3 e5 3. g3 d5 4. cxd5 Nxd5 5. Bg2 Nb6 6. Nf3 Nc6 7. O-O Be7 8. d3
O-O 9. Be3 Be6 10. Na4 Nd5 11. Bc5 Rb8 12. Rc1 f6 13. Qd2 Bd6 14. a3 Qd7 15. Qc2
Nde7 16. Rfd1 Nf5 17. e4 Nfe7 18. d4 exd4 19. Bxd4 Na5 20. Nc5 Qc8 21. Nxe6 Qxe6
22. Bxa7 Ra8 23. Be3 Nb3 24. Bf1 Kh8 25. Qc4 Qg4 26. Qxb3 Qxf3 27. Bg2 Qe2 28.
Rd2 Qa6 29. Bc5 Qa5 30. Qc3 Bxc5 31. Qxa5 Rxa5 32. b4 Bxb4 33. axb4 Rb5 34. Rxc7
Nc6 35. Rdd7 Re8 36. Rxg7 Rxb4 37. Rxh7+ Kg8 38. Rxb7 Rd8 39. Bh3 Rxe4 40. Bf5
Re1+ 41. Kg2 Ne5 42. Rbg7+ Kf8 43. Be6 {Black resigns} 1-0

[Event "Team 45 45 League T87"]
[Site "Internet Chess Club"]
[Date "2021.01.25"]
[Round "3"]
[White "walkover"]
[Black "QuieroAprender"]
[Result "0-1"]
[WhiteElo "1669"]
[BlackElo "1719"]
[Opening "King's Indian: Makagonov system (5.h3)"]
[ECO "E71"]
[Time "13:18:43"]
[TimeControl "2700+45"]

1. d4 Nf6 2. c4 g6 3. Nc3 Bg7 4. e4 d6 5. h3 Nbd7 6. Be3 b6 7. g4 e5 8. d5 Nc5
9. f3 h5 10. g5 Nh7 11. h4 a5 12. Qd2 Bd7 13. Nh3 f5 14. gxf6 Bxf6 15. Ng5 Nxg5
16. hxg5 Bg7 17. Be2 Rf8 18. O-O-O a4 19. Rdf1 Qe7 20. Bd1 Ra5 21. Bc2 Kd8 22.
Rh4 Qe8 23. Ne2 Rf7 24. Qd1 Qf8 25. Rhh1 Rxf3 26. Nd4 Rxf1 27. Rxf1 Qe8 28. Nf5
gxf5 29. exf5 e4 30. f6 Bf8 31. Bd4 Qg6 32. Qd2 Kc8 33. Qe3 Kb7 34. Kb1 Nd3 35.
Ka1 c5 36. dxc6+ Bxc6 37. Bxb6 Rxg5 38. Ba7 Nc5 39. Bxc5 Rxc5 40. Rg1 Qf5 41. a3
Rxc4 42. Bb1 d5 43. Rg5 Qxf6 44. Rxh5 Bg7 45. Qe2 Be8 46. Rh1 Bg6 47. Rd1 Qe7
48. Rxd5 Qxa3+ {White resigns} 0-1

[Event "Team 45 45 League T87"]
[Site "Internet Chess Club"]
[Date "2021.01.24"]
[Round "3"]
[White "ElValero"]
[Black "zugknightly"]
[Result "0-1"]
[WhiteElo "1656"]
[BlackElo "1882"]
[Opening "English opening"]
[ECO "A05"]
[Time "10:00:39"]
[TimeControl "2700+45"]

1. Nf3 Nf6 2. c4 g6 3. b3 Bg7 4. Bb2 O-O 5. g3 d6 6. d4 Nbd7 7. Bg2 c6 8. O-O
Rb8 9. Qc2 c5 10. d5 b5 11. Nbd2 bxc4 12. bxc4 Nb6 13. Rfe1 Bd7 14. Rab1 Na4 15.
Ba1 Qa5 16. e4 e5 17. dxe6 Bxe6 18. Rxb8 Rxb8 19. Rb1 Rxb1+ 20. Qxb1 Nb6 21. h3
Qb4 22. Qxb4 cxb4 23. e5 dxe5 24. Nxe5 Nfd7 25. Nxd7 Nxd7 26. Bxg7 Kxg7 27. f4
Nb6 28. Bf1 Na4 29. Nb3 Nc3 30. Nc1 a5 31. Kf2 a4 32. Ke3 Nxa2 33. Kd2 b3 34.
Bd3 Nxc1 35. Kxc1 a3 36. h4 Bf5 {White resigns} 0-1

[Event "Team 45 45 League T87"]
[Site "Internet Chess Club"]
[Date "2021.01.26"]
[Round "3"]
[White "Beetlejuice"]
[Black "ARMAND02019"]
[Result "1-0"]
[WhiteElo "1677"]
[BlackElo "1643"]
[Opening "QGD Slav: 4.e3"]
[ECO "D11"]
[Time "14:09:27"]
[TimeControl "2700+45"]

1. d4 d5 2. c4 c6 3. Nf3 Nf6 4. e3 Bg4 5. h3 Bh5 6. g4 Bg6 7. Ne5 Nbd7 8. Nxg6
hxg6 9. Nc3 e6 10. b3 Bb4 11. Bd2 Qa5 12. Rc1 e5 13. cxd5 cxd5 14. Nb5 Bxd2+ 15.
Qxd2 Qxd2+ 16. Kxd2 Ke7 17. dxe5 Nxg4 18. f4 Nf2 19. Rh2 Ne4+ 20. Kd1 Rac8 21.
Nxa7 Rxc1+ 22. Kxc1 Ra8 23. Nb5 Rc8+ 24. Rc2 Rxc2+ 25. Kxc2 f6 26. exf6+ gxf6
27. Kd3 g5 28. Bg2 gxf4 29. exf4 f5 30. Kd4 Ndf6 31. Nc3 Nxc3 32. Kxc3 Kd6 33.
Kd4 b6 34. a4 Nh5 35. Bf3 Nxf4 36. h4 Ne6+ 37. Ke3 d4+ 38. Kd3 Ke5 39. h5 Nf4+
40. Kd2 Kf6 41. b4 Kg5 42. a5 bxa5 43. bxa5 Ne6 44. a6 f4 45. a7 Nc7 46. Kd3 Kh6
47. Ke4 Kg5 48. Be2 Na8 49. Kxd4 Nb6 50. Kc5 {Black resigns} 1-0

[Event "Team 45 45 League T87"]
[Site "Internet Chess Club"]
[Date "2021.01.24"]
[Round "3"]
[White "andrew37"]
[Black "laurenpar"]
[Result "0-1"]
[WhiteElo "1666"]
[BlackElo "1852"]
[Opening "Dutch: classical variation"]
[ECO "A96"]
[Time "07:01:46"]
[TimeControl "2700+45"]

1. Nf3 e6 2. c4 f5 3. g3 Nf6 4. Bg2 Be7 5. O-O O-O 6. d4 d6 7. Nc3 Ne4 8. Qc2
Nxc3 9. Qxc3 a5 10. b3 Nc6 11. Bb2 Bf6 12. Rfd1 Qe7 13. a3 e5 14. dxe5 dxe5 15.
Qc2 Be6 16. e4 g6 17. exf5 Bxf5 18. Qe2 Rae8 19. Rd5 Bg4 20. Qe4 Bf5 21. Qe2 e4
22. Nd4 Nxd4 23. Bxd4 c6 24. Bxf6 Qxf6 25. Rdd1 Rd8 26. Rxd8 Rxd8 27. Rd1 Rd3
28. Rxd3 exd3 29. Qd1 Qc3 30. Bf3 d2 31. Qe2 Kf7 32. Qd1 Bc2 33. Qf1 Qxf3 34. c5
d1=Q {White resigns} 0-1

[Event "Team 45 45 League T87"]
[Site "Internet Chess Club"]
[Date "2021.01.23"]
[Round "3"]
[White "fishhead"]
[Black "VictorRed"]
[Result "0-1"]
[WhiteElo "1753"]
[BlackElo "1669"]
[Opening "Sicilian: Labourdonnais-Löwenthal variation"]
[ECO "B32"]
[Time "20:02:24"]
[TimeControl "2700+45"]

1. e4 c5 2. Nf3 Nc6 3. d4 cxd4 4. Nxd4 e5 5. Nb5 a6 6. Nd6+ Bxd6 7. Qxd6 Qe7 8.
Qxe7+ Ngxe7 9. Be3 d5 10. exd5 Nxd5 11. Bc5 Bf5 12. c3 O-O-O 13. Bc4 Nf4 14. O-O
Bd3 15. Bxd3 Rxd3 16. g3 Ne6 17. Bb6 Kd7 18. Na3 Ke7 19. Nc4 f5 20. Rad1 Rxd1
21. Rxd1 g6 22. h4 Re8 23. f3 Kf6 24. Kf2 Re7 25. Rd6 Kf7 26. b4 Nf8 27. Be3 Rd7
28. Rxc6 bxc6 29. Nxe5+ Ke6 30. Nxd7 Nxd7 31. c4 Ne5 32. c5 Nd3+ 33. Ke2 Nxb4
34. Bd2 Nxa2 35. Kd3 Kd5 36. Kc2 Kc4 37. g4 Nb4+ 38. Kb2 Nd3+ 39. Ka3 Nxc5 40.
h5 Kb5 41. Be3 Nd3 42. gxf5 gxf5 43. Kb3 Ne5 44. f4 Ng4 45. Bd4 c5 46. Bg7 Ne3
47. Bh8 Kc6 48. Kc3 Kd5 49. Kd3 Ng2 50. Be5 a5 51. Kc3 c4 52. h6 Ne3 53. Bc7 Ke4
54. Bxa5 Kxf4 55. Kd4 Kf3 56. Bd2 f4 57. Bc1 Nf5+ 58. Ke5 Nxh6 59. Bxf4 Ng4+ 60.
Kf5 c3 61. Bc1 Ne3+ 62. Kg5 Ng4 63. Kh5 c2 64. Kg5 Ne5 65. Kh6 Nd3 66. Ba3 Ke3
67. Kxh7 Kd2 68. Be7 Nf4 69. Ba3 Nd5 70. Kg6 Ne3 {White resigns} 0-1

[Event "Team 45 45 League T87"]
[Site "Internet Chess Club"]
[Date "2021.01.22"]
[Round "3"]
[White "Portola"]
[Black "bobhill"]
[Result "1/2-1/2"]
[WhiteElo "1654"]
[BlackElo "1858"]
[Opening "Queen's pawn game, Darooha variation "]
[ECO "D02"]
[Time "21:00:30"]
[TimeControl "2700+45"]

1. d4 d5 2. Nf3 Nf6 3. c3 g6 4. Bg5 Bg7 5. Nbd2 O-O 6. e3 c6 7. Be2 Re8 8. O-O
Nbd7 9. Re1 Qb6 10. Qc1 h6 11. Bh4 g5 12. Bg3 Nh5 13. Qc2 Nxg3 14. hxg3 e5 15.
dxe5 Nxe5 16. Nxe5 Bxe5 17. Nf3 Bd6 18. Rad1 Bg4 19. Rd4 Bh5 20. Rd2 Bg6 21. Bd3
Kg7 22. Red1 Re7 23. Kh2 Rae8 24. Bxg6 fxg6 25. c4 Bb4 26. Rd3 dxc4 27. Qxc4 Qc5
28. Qb3 Ba5 29. a3 Qf5 30. Qc2 h5 31. b4 Bc7 32. Qc3+ Kh7 33. Kg1 Bb6 34. Qd2
Rf8 35. Rd7 Rff7 36. Rxe7 Rxe7 37. e4 Qg4 38. Nxg5+ Kg8 39. Kf1 h4 40. gxh4 Qxh4
41. Kg1 Bxf2+ 42. Qxf2 Qxg5 43. Qf3 Rf7 44. Qe2 Qf6 45. e5 Qh4 46. e6 Rh7 47.
Qf3 Qh2+ 48. Kf2 Qc7 49. Qe3 Qe7 50. Rd7 Qh4+ 51. Ke2 Qg4+ 52. Kd3 Qd1+ 53. Kc3
Rxd7 54. exd7 Qxd7 55. Qxa7 Kf7 56. Qd4 Qe7 57. Qf4+ Kg8 58. Qc4+ Kh7 59. Qg4
Qe5+ 60. Kb3 Qe3+ 61. Kb2 Qd2+ 62. Kb1 Qd3+ 63. Kb2 b5 64. Qh4+ Kg8 65. Qg5 Kf7
66. Qf4+ Ke6 67. Qg5 Qe2+ 68. Kb3 Qc4+ 69. Kb2 Qd4+ 70. Kb1 Qe4+ 71. Kc1 Qe1+
72. Kc2 Qe2+ 73. Kc1 Qe5 74. Qxg6+ Kd7 75. Qf7+ Kc8 76. Qf3 Kb7 77. Kc2 Qe6 78.
Kd3 Qc4+ 79. Ke3 Qc1+ 80. Kf2 Qd2+ 81. Kg3 Qg5+ 82. Kh2 Qh4+ 83. Kg1 Qe1+ 84.
Kh2 Qh4+ 85. Qh3 Qf4+ 86. Qg3 Qh6+ {Game drawn by mutual agreement} 1/2-1/2

[Event "Team 45 45 League T87"]
[Site "Internet Chess Club"]
[Date "2021.01.24"]
[Round "3"]
[White "janh"]
[Black "Legal"]
[Result "1-0"]
[WhiteElo "1980"]
[BlackElo "1883"]
[Opening "Queen's pawn game"]
[ECO "D00"]
[Time "22:03:23"]
[TimeControl "2700+45"]

1. d4 Nf6 2. Nc3 d5 3. Bf4 e6 4. Nb5 Na6 5. a3 Be7 6. e3 O-O 7. Nf3 c6 8. Nc3 c5
9. Ne5 Nb8 10. Be2 Nc6 11. O-O Nd7 12. Bg3 Ndxe5 13. dxe5 f6 14. exf6 Bxf6 15.
Qd2 Qa5 16. Rfd1 Bxc3 17. bxc3 Rd8 18. Bh4 Rf8 19. Bg3 Rd8 20. Bh4 Rf8 21. c4
Qxd2 22. Rxd2 d4 23. Rb1 e5 24. Bf3 Be6 25. Rxb7 Na5 26. Re7 Nxc4 27. Rd3 dxe3
28. fxe3 e4 29. Bxe4 Rab8 30. h3 Bf7 31. Rxa7 Rb1+ 32. Kh2 Ne5 33. Rd2 Nc4 34.
Re2 Rd1 35. Be7 Re8 36. Bc6 Rb8 37. Bxc5 Nd2 38. Kg3 Bh5 39. Bd5+ Kh8 40. Rxd2
Rxd2 41. Bd4 Rxd4 42. exd4 h6 43. Ra8 Rxa8 44. Bxa8 {Black resigns} 1-0

[Event "Team 45 45 League T87"]
[Site "Internet Chess Club"]
[Date "2021.01.24"]
[Round "3"]
[White "The7thGuest"]
[Black "achessman"]
[Result "1/2-1/2"]
[WhiteElo "1852"]
[BlackElo "1879"]
[Opening "QGD: Cambridge Springs defense"]
[ECO "D52"]
[Time "10:07:43"]
[TimeControl "2700+45"]

1. c4 c6 2. Nc3 d5 3. d4 Nf6 4. Nf3 e6 5. Bg5 Nbd7 6. e3 Qa5 7. a3 Ne4 8. Qc1
Nxc3 9. Qxc3 Qxc3+ 10. bxc3 b6 11. cxd5 exd5 12. c4 dxc4 13. Bxc4 Bd6 14. O-O
O-O 15. e4 Re8 16. e5 Bc7 17. Rfe1 Nf8 18. d5 cxd5 19. Bxd5 Rb8 20. Rac1 Bd8 21.
Bxd8 Rxd8 22. Red1 Be6 23. Bxe6 Nxe6 24. Rd6 Kf8 25. Rcd1 Ke7 26. Nd4 Nxd4 27.
R1xd4 Rxd6 28. Rxd6 Rc8 29. f4 Rc3 30. a4 Rc4 31. a5 bxa5 32. g3 Rc7 33. Ra6 Kd7
34. Rxa5 Kc8 35. Kg2 Kb7 36. Kf3 Kb6 37. Ra2 a5 38. f5 Ra7 39. Ke4 a4 40. Kd5
Rd7+ 41. Kc4 Rc7+ 42. Kb4 Ra7 43. e6 fxe6 44. fxe6 Kc6 45. Re2 Kd6 46. Ka3 Ke7
47. Re4 Ra6 48. Rg4 g6 49. Rh4 h5 50. g4 hxg4 51. Rxg4 Rxe6 52. Kxa4 Kf6 53. h4
Rb6 54. Rg5 Rb1 55. Rg4 Rb2 56. Ka5 Rf2 57. Kb4 Kf5 58. Rg5+ Kf6 59. Rg4 Rf5 60.
Kc4 Kg7 61. Kd3 Kh6 62. Ke3 Kh5 63. Re4 Rf1 64. Ke2 Rh1 65. Kf2 Rxh4 66. Re5+
Kg4 67. Kg2 Rh7 68. Re4+ Kf5 69. Ra4 Rb7 70. Ra5+ Kg4 71. Ra4+ Kh5 72. Ra5+ g5
73. Rc5 Rb2+ 74. Kg3 Rb3+ 75. Kg2 Ra3 76. Rb5 Ra2+ 77. Kg3 Ra3+ 78. Kg2 Kh4 79.
Rb4+ Kh5 80. Rb5 Rc3 81. Ra5 Rb3 82. Rc5 Kh4 83. Rc4+ g4 84. Rc2 Ra3 85. Rb2 Ra4
86. Rc2 Ra3 87. Rb2 Rg3+ 88. Kh2 Rf3 89. Kg2 Rh3 90. Ra2 Rg3+ 91. Kh2 Rb3 92.
Kg2 Rc3 93. Rb2 Rc4 94. Ra2 g3 95. Ra8 Rc2+ 96. Kg1 Rc5 97. Kg2 Rc2+ 98. Kg1 Rc4
99. Kg2 Rc2+ 100. Kg1 {Game drawn by repetition} 1/2-1/2

[Event "Team 45 45 League T87"]
[Site "Internet Chess Club"]
[Date "2021.01.22"]
[Round "3"]
[White "primerpaso"]
[Black "fileman"]
[Result "1-0"]
[WhiteElo "1824"]
[BlackElo "1812"]
[Opening "English opening"]
[ECO "A16"]
[Time "15:05:40"]
[TimeControl "2700+45"]

1. c4 Nf6 2. Nc3 c6 3. g3 d5 4. cxd5 Nxd5 5. Bg2 Nxc3 6. bxc3 e5 7. Nf3 Bd6 8.
d4 e4 9. Ng5 f5 10. O-O h6 11. Nh3 O-O 12. f3 exf3 13. exf3 Nd7 14. Re1 Nb6 15.
Qb3+ Kh7 16. a4 Re8 17. Bd2 Re7 18. Rxe7 Qxe7 19. Re1 Qf8 20. Nf4 Rb8 21. Bf1
Bd7 22. a5 Na8 23. Bc4 Nc7 24. Bf7 b5 25. Ng6 Qd8 26. Nh4 Qf6 27. Bg6+ Kh8 28.
f4 Nd5 29. Bh5 b4 30. Rb1 g5 31. Ng6+ Kg7 32. Qc4 gxf4 33. Nxf4 Nxc3 34. Bxc3
bxc3 35. Rxb8 Bxb8 36. Qxc3 Bd6 37. Bf3 c5 38. Nh5+ {Black resigns} 1-0

[Event "Team 45 45 League T87"]
[Site "Internet Chess Club"]
[Date "2021.01.25"]
[Round "3"]
[White "LookImYourVader"]
[Black "ElValero"]
[Result "1/2-1/2"]
[WhiteElo "1777"]
[BlackElo "1662"]
[Opening "QGD semi-Slav"]
[ECO "D43"]
[Time "15:00:25"]
[TimeControl "2700+45"]

1. Nf3 d5 2. c4 c6 3. d4 Nf6 4. Nc3 e6 5. cxd5 exd5 6. Bg5 Bb4 7. Qc2 Qa5 8.
Bxf6 gxf6 9. e3 Bf5 10. Bd3 Bg6 11. Nd2 Nd7 12. Nb3 Qc7 13. a3 Bd6 14. h3 Nb6
15. Na5 Nd7 16. Nb3 Nb6 17. Na5 Nc4 {Game drawn by mutual agreement} 1/2-1/2

[Event "Team 45 45 League T87"]
[Site "Internet Chess Club"]
[Date "2021.01.21"]
[Round "3"]
[White "Timmah4651"]
[Black "LuFran"]
[Result "1/2-1/2"]
[WhiteElo "1576"]
[BlackElo "1787"]
[Opening "French: Rubinstein variation"]
[ECO "C10"]
[Time "06:00:13"]
[TimeControl "2700+45"]

1. e4 e6 2. d4 d5 3. Nc3 dxe4 4. Nxe4 Nd7 5. Nf3 Ngf6 6. Bd3 c5 7. O-O Nxe4 8.
Bxe4 Nf6 9. Bd3 cxd4 10. Nxd4 Bc5 11. Be3 Bb6 12. c3 O-O 13. Bg5 Bxd4 14. cxd4
Qd5 15. Bxf6 gxf6 16. Re1 Bd7 17. Re3 f5 18. Qh5 Qxd4 19. Rh3 Rfd8 20. Qxh7+ Kf8
21. Qh6+ Qg7 22. Rc1 Qxh6 23. Rxh6 Rac8 24. Rh8+ Ke7 25. Rxc8 Rxc8 26. Rxc8 Bxc8
27. f4 Bd7 28. Kf2 b6 29. Ke3 Bc6 30. g3 f6 31. Kd4 Kd6 32. Ke3 Bg2 33. h4 Ke7
34. Kd4 Bc6 35. Kc4 a6 36. Kd4 a5 37. a3 Kf7 38. Be2 Kg7 39. b4 axb4 40. axb4
Bd5 41. Bc4 Bxc4 42. Kxc4 Kg6 43. Kb5 e5 44. fxe5 fxe5 45. Kc4 Kh5 46. Kd5 e4
47. Kd4 Kg4 48. Ke3 b5 49. Kf2 Kh5 50. Ke2 Kg4 51. Ke3 Kxg3 52. h5 f4+ 53. Kxe4
f3 54. h6 f2 55. h7 f1=Q 56. h8=Q Qe2+ 57. Kd5 Qc4+ 58. Kd6 Qxb4+ 59. Kc6 Qc4+
60. Kb6 Qe6+ 61. Kc5 Qc4+ 62. Kb6 Qe6+ 63. Kc5 {Game drawn by mutual agreement}
1/2-1/2

[Event "Team 45 45 League T87"]
[Site "Internet Chess Club"]
[Date "2021.01.23"]
[Round "3"]
[White "goldeen7"]
[Black "Grenadier"]
[Result "0-1"]
[WhiteElo "1313"]
[BlackElo "1554"]
[Opening "Caro-Kann: Steinitz variation"]
[ECO "B17"]
[Time "10:00:20"]
[TimeControl "2700+45"]

1. e4 c6 2. d4 d5 3. Nc3 dxe4 4. Nxe4 Nd7 5. Nf3 Ngf6 6. Nxf6+ Nxf6 7. Ne5 Be6
8. Be2 g6 9. O-O Bg7 10. c3 O-O 11. Re1 Qc7 12. Bf1 Rad8 13. Bf4 Qb6 14. Qd2 Nd7
15. Nxd7 Rxd7 16. Qc2 c5 17. dxc5 Qxc5 18. Be3 Qc7 19. Bxa7 b6 20. Bxb6 Qxb6 21.
b3 Rc8 22. Re3 Rdc7 23. Rae1 Bxc3 {White resigns} 0-1

[Event "Team 45 45 League T87"]
[Site "Internet Chess Club"]
[Date "2021.01.23"]
[Round "3"]
[White "GoIrish"]
[Black "olivermx"]
[Result "1-0"]
[WhiteElo "1522"]
[BlackElo "1297"]
[Opening "Réti: King's Indian attack (Barcza system)"]
[ECO "A07"]
[Time "08:00:17"]
[TimeControl "2700+45"]

1. Nf3 d5 2. g3 Nf6 3. Bg2 c5 4. O-O Nc6 5. d3 e5 6. e4 d4 7. Nbd2 Bd6 8. Nc4
Be6 9. Nxd6+ Qxd6 10. Nh4 g6 11. f4 exf4 12. Bxf4 Qe7 13. Bg5 {Black resigns}
1-0

[Event "Team 45 45 League T87"]
[Site "Internet Chess Club"]
[Date "2021.01.23"]
[Round "3"]
[White "Fulmar"]
[Black "seattleblues"]
[Result "0-1"]
[WhiteElo "1171"]
[BlackElo "1277"]
[Opening "Caro-Kann: exchange variation"]
[ECO "B13"]
[Time "07:08:28"]
[TimeControl "2700+45"]

1. e4 c6 2. d4 d5 3. exd5 cxd5 4. Bd3 Nf6 5. c3 Bg4 6. Qb3 Qc7 7. h3 Bh5 8. g4
Bg6 9. Bxg6 hxg6 10. g5 Ne4 11. Qxd5 Nd6 12. Nf3 e6 13. Qb3 Qc6 14. Nbd2 Be7 15.
Rg1 Rxh3 16. Ne5 Qc7 17. Ke2 Nc6 18. Ndf3 Rb8 19. Bf4 Nf5 20. Rh1 Ncxd4+ 21.
Nxd4 Nxd4+ 22. cxd4 Rxb3 23. Rh8+ Bf8 24. Rxf8+ Kxf8 25. Nxg6+ fxg6 26. Bxc7
Rxb2+ 27. Kf1 Rc8 28. Rc1 Kf7 29. a4 Ke8 30. Bf4 Rxc1+ 31. Bxc1 Rb1 {White
resigns} 0-1

[Event "Team 45 45 League T87"]
[Site "Internet Chess Club"]
[Date "2021.01.24"]
[Round "3"]
[White "Portola"]
[Black "Signofthetimes"]
[Result "1-0"]
[WhiteElo "1668"]
[BlackElo "1587"]
[Opening "Queen's pawn"]
[ECO "A40"]
[Time "17:00:45"]
[TimeControl "2700+45"]

1. d4 c6 2. Nf3 d5 3. c3 Nf6 4. Bg5 Qb6 5. Qc1 Bf5 6. Nbd2 Nbd7 7. e3 e6 8. Be2
Bd6 9. O-O h6 10. Bh4 g5 11. Bg3 Bxg3 12. hxg3 O-O-O 13. c4 Rdg8 14. cxd5 exd5
15. Ne5 Nxe5 16. dxe5 Nd7 17. g4 Be6 18. Qc3 Qc7 19. e4 Qxe5 20. Qxe5 Nxe5 21.
exd5 Bxd5 22. b3 Rd8 23. Rfd1 Rd7 24. Nf1 Rhd8 25. Ne3 Be6 26. Kf1 Kc7 27. Ke1
Rxd1+ 28. Rxd1 Rxd1+ 29. Kxd1 b5 30. g3 Kd6 31. f4 Nd7 32. Bd3 Kc5 33. Kd2 Nb6
34. Be4 Nd5 35. f5 Nxe3 36. fxe6 fxe6 37. Kxe3 Kd6 38. b4 e5 39. Kd3 c5 40. Kc3
c4 41. a4 a6 42. Bb7 a5 43. bxa5 Kc5 44. axb5 Kxb5 45. a6 Kb6 46. Kxc4 e4 47.
Kd4 {Black resigns} 1-0

[Event "Team 45 45 League T87"]
[Site "Internet Chess Club"]
[Date "2021.01.24"]
[Round "3"]
[White "scostanzo212"]
[Black "ascoli"]
[Result "0-1"]
[WhiteElo "1566"]
[BlackElo "1732"]
[Opening "Nimzo-Indian: 4.e3, Gligoric system with 7...dc"]
[ECO "E54"]
[Time "12:02:03"]
[TimeControl "2700+45"]

1. d4 Nf6 2. c4 e6 3. Nc3 Bb4 4. e3 O-O 5. Bd3 c5 6. Nf3 d5 7. O-O dxc4 8. Bxc4
cxd4 9. exd4 Nc6 10. Be3 Ne7 11. Rc1 Ned5 12. Nxd5 Nxd5 13. Qb3 Be7 14. Bxd5
Qxd5 15. Qxd5 exd5 16. Bf4 Bf6 17. Rc7 b6 18. Re1 Bg4 19. Ne5 Rfe8 20. Re3 Be6
21. h3 Rec8 22. Rec3 Rxc7 23. Rxc7 Bd8 24. Rc3 Rc8 25. Rxc8 Bxc8 26. Nc6 Bf6 27.
Be5 Bxe5 28. Nxe5 Kf8 29. b4 f6 30. Ng4 Ke7 31. f4 Kd6 32. Ne3 Bd7 33. Kf2 g6
34. h4 Ba4 35. Ke2 Bb5+ 36. Kd2 Bc4 37. a3 Kc6 38. Kc3 Kb5 39. Nxc4 dxc4 40. d5
a5 41. a4+ Kxa4 42. d6 axb4+ 43. Kxc4 b5+ 44. Kc5 b3 45. d7 b2 46. d8=Q b1=Q 47.
Qa8+ Kb3 48. Qd5+ Ka3 49. Qf3+ Qb3 50. Qa8+ Kb2 51. Qe4 Qc2+ 52. Qxc2+ Kxc2 53.
g4 f5 54. gxf5 gxf5 55. Kxb5 Kd3 56. Kc5 Ke4 57. Kd6 Kxf4 58. Ke6 Kg4 59. h5 f4
60. h6 Kg5 61. Ke5 f3 {White resigns} 0-1

[Event "Team 45 45 League T87"]
[Site "Internet Chess Club"]
[Date "2021.01.21"]
[Round "3"]
[White "rubo"]
[Black "Kingofknights"]
[Result "0-1"]
[WhiteElo "1485"]
[BlackElo "1559"]
[Opening "Queen's pawn, Mason variation"]
[ECO "D00"]
[Time "17:00:11"]
[TimeControl "2700+45"]

1. d4 d5 2. Bf4 Nf6 3. e3 a6 4. Nd2 Bg4 5. Ngf3 e6 6. Bd3 c5 7. c3 Nc6 8. h3 Bh5
9. Bh2 Bg6 10. Bxg6 hxg6 11. Qc2 cxd4 12. exd4 Bd6 13. Ne5 Rc8 14. Rc1 Nxd4 15.
Qa4+ Nc6 16. Nxc6 Rxc6 17. Bxd6 Qxd6 18. Nf3 b5 19. Qd4 Rc4 20. Qa7 Rc8 21. O-O
O-O 22. Rfe1 Ne4 23. Qd4 Rc4 24. Qd3 Qb6 25. Rc2 Rfc8 26. Ne5 R4c7 27. Nf3 b4
28. Re3 bxc3 29. b3 a5 30. Qd4 Qb4 31. Rd3 Qxd4 32. Rxd4 Rb7 33. Ra4 Rc5 34. Nd4
Rb4 35. Rxb4 axb4 36. f3 Nd6 37. Re2 Nb5 38. Nc2 d4 39. Nxb4 Na3 40. Nd3 c2 41.
Re1 Rc3 42. Nc1 d3 {White resigns} 0-1

[Event "Team 45 45 League T87"]
[Site "Internet Chess Club"]
[Date "2021.01.23"]
[Round "3"]
[White "tightfist"]
[Black "SeniorCitizen"]
[Result "1-0"]
[WhiteElo "1454"]
[BlackElo "1223"]
[Opening "King's pawn game"]
[ECO "C50"]
[Time "13:00:37"]
[TimeControl "2700+45"]

1. Nf3 Nc6 2. e4 e5 3. Bc4 h6 4. O-O Nf6 5. Nc3 a6 6. a3 d6 7. d4 Bg4 8. dxe5
Nxe5 9. Be2 Nxf3+ 10. Bxf3 Bxf3 11. Qxf3 c6 12. Qg3 Nh5 13. Qg4 Nf6 14. Qh3 Qd7
15. Qxd7+ Nxd7 16. Be3 Be7 17. f4 O-O 18. Rad1 f6 19. b4 Rae8 20. g3 b5 21. Kf2
a5 22. Kf3 axb4 23. axb4 Ra8 24. Ra1 f5 25. Ra7 fxe4+ 26. Nxe4 Rxa7 27. Bxa7 Nf6
28. Nxf6+ Rxf6 29. Re1 Kf7 30. Bd4 Re6 31. Rxe6 Kxe6 32. Bxg7 h5 33. Ke4 d5+ 34.
Kd4 Kf5 35. c3 Kg4 36. Be5 Kh3 37. f5 Kxh2 38. g4+ Kh3 39. gxh5 Bg5 40. f6 Bh6
41. Kc5 Kh4 42. Kxc6 Kxh5 43. Kxb5 Kg5 {Black resigns} 1-0

[Event "Team 45 45 League T87"]
[Site "Internet Chess Club"]
[Date "2021.01.22"]
[Round "3"]
[White "QuieroAprender"]
[Black "nidusin2"]
[Result "0-1"]
[WhiteElo "1704"]
[BlackElo "1664"]
[Opening "Queen's Pawn"]
[ECO "A41"]
[Time "20:00:15"]
[TimeControl "2700+45"]

1. d4 d6 2. Bf4 Nf6 3. Nf3 Nbd7 4. e3 Nh5 5. Bg3 Nxg3 6. hxg3 e5 7. c3 Qf6 8.
Bd3 Nb6 9. Nbd2 Bf5 10. e4 Bg4 11. dxe5 dxe5 12. Qc2 O-O-O 13. O-O-O Be6 14. Nb3
g5 15. Qe2 h5 16. Qe3 g4 17. Nh4 Bh6 18. f4 gxf3 {White resigns} 0-1